AoeStats
← 沒起房子我日

African Clearing

510417399Analyzed
4v4 RM · 11h ago on Sep 30, 2026· 45m 28s· 8 players
Game mode
Random Map
Map size
Large (8 player)
Population
200
Speed
Normal
Resources
Standard
Victory
Conquest
Starting age
Dark Age
Ending age
Imperial Age
RankedLock teamsTeams togetherTeam positionsShared explorationLock speedFull tech treeHidden civsTurbo modeCheats
Victory
Defeat
🇧🇷 Franks · Brazil
1696
+7
🇪🇸 Celts · Spain
1595
+11
🇨🇦 Saracens · Canada
1516
+14
🇹🇼 Tupi · Taiwan
1504
+14
🇦🇷 Franks · Argentina
1522
-13
🇵🇪 Vietnamese · Peru
1521
-13
🇨🇴 Mongols · Colombia
1497
-12
🇦🇷 Varangians · Argentina
1370
-8
TVHG.Ruleman | EX REY
5:58 Loom
14:00 Feudal Age
17:57 Castle Age
20:49 Double-Bit Axe
31:14 Bow Saw
33:29 Gold Mining
34:24 Wheelbarrow
37:24 Imperial Age
35:44 Scale Barding Armor
35:49 Forging
38:49 Iron Casting
38:22 Husbandry
39:24 Chain Barding Armor
41:06 Plate Barding Armor
40:05 Cavalier
41:47 Blast Furnace
42:14 Pikeman
42:55 Squires
42:40 Arson
42:57 Scale Mail Armor
43:15 Fletching
TVHG.LALO_CAESTA
5:43 Loom
10:49 Feudal Age
12:09 Double-Bit Axe
12:50 Horse Collar
16:34 Forging
19:00 Scale Barding Armor
24:23 Castle Age
22:56 Bloodlines
25:33 Chain Barding Armor
27:34 Iron Casting
30:19 Husbandry
35:11 Town Watch
41:24 Wheelbarrow
41:33 Gold Mining
45:31 Imperial Age
AssassingBlue
5:26 Loom
13:12 Feudal Age
14:32 Double-Bit Axe
17:22 Castle Age
16:01 Town Watch
16:31 Fletching
18:15 Bow Saw
22:51 Bodkin Arrow
23:55 Padded Archer Armor
23:55 Scale Mail Armor
23:56 Padded Archer Armor
28:46 Wheelbarrow
29:57 Leather Archer Armor
30:04 Ballistics
33:47 Horse Collar
39:18 Imperial Age
38:07 Heavy Plow
38:11 Gold Mining
39:20 Scale Barding Armor
40:00 Hand Cart
39:46 Town Patrol
42:21 Bracer
43:33 Ring Archer Armor
44:05 Chemistry
43:13 Capped Ram
TVHG.Phraymus
4:12 Loom
12:35 Feudal Age
13:05 Double-Bit Axe
14:26 Fletching
21:47 Castle Age
22:27 Bodkin Arrow
22:01 Crossbowman
OdinsProphet
5:08 Loom
12:57 Feudal Age
16:48 Castle Age
15:02 Double-Bit Axe
17:01 Gold Mining
18:34 Town Watch
25:06 Wheelbarrow
25:32 Bow Saw
28:00 Scale Barding Armor
30:20 Horse Collar
31:19 Forging
34:26 Chain Barding Armor
34:22 Bloodlines
35:58 Heavy Plow
36:22 Husbandry
37:29 Stone Mining
38:14 Gold Shaft Mining
42:23 Imperial Age
41:03 Iron Casting
42:17 Fletching
43:44 Conscription
45:53 Plate Barding Armor
44:44 Elite Mameluke
Glaki
6:02 Loom
14:07 Feudal Age
18:01 Castle Age
16:07 Double-Bit Axe
17:51 Fishing Lines
21:44 Town Watch
22:29 Horse Collar
26:51 Wheelbarrow
29:23 Hand Cart
29:53 Stone Mining
29:54 Gold Mining
30:00 Gillnets
33:34 Imperial Age
34:10 Stone Shaft Mining
34:11 Gold Shaft Mining
33:37 Heavy Plow
33:49 Bow Saw
33:45 Heavy Scorpion
33:46 Onager
33:46 Capped Ram
34:50 Conscription
34:20 Stronghold
35:00 Fletching
35:11 Padded Archer Armor
35:11 Scale Mail Armor
35:23 Forging
36:41 Chain Mail Armor
37:36 Furor Celtica
38:37 Iron Casting
37:58 Bodkin Arrow
37:30 Pikeman
38:42 Plate Mail Armor
38:47 Elite Woad Raider
40:01 Ballistics
42:40 Siege Engineers
42:46 Masonry
43:47 Chemistry
42:57 Masonry
44:56 Blast Furnace
Sung Jinwoo
11:38 Feudal Age
10:54 Loom
12:07 Double-Bit Axe
24:19 Castle Age
24:38 Scale Barding Armor
25:07 Husbandry
24:32 Light Cavalry
25:45 Chain Barding Armor
26:25 Forging
29:15 Husbandry
33:34 Iron Casting
33:56 Wheelbarrow
33:37 Bow Saw
33:48 Gold Mining
40:12 Gold Shaft Mining
43:38 Imperial Age
43:03 Gold Shaft Mining
43:58 Cavalier
45:19 Plate Barding Armor
沒起房子我日
14:06 Feudal Age
13:43 Loom
15:35 Double-Bit Axe
17:53 Castle Age
15:46 Fishing Lines
16:42 Gold Mining
18:54 Bow Saw
19:43 Horse Collar
20:41 Fletching
22:18 Gillnets
22:44 Bodkin Arrow
25:51 Ballistics
26:07 Padded Archer Armor
28:19 Leather Archer Armor
29:49 Wheelbarrow
29:23 Stone Mining
30:59 Gold Shaft Mining
32:05 Hand Cart
32:05 Heavy Plow
37:19 Imperial Age
38:44 Bracer
39:51 Chemistry
40:52 Conscription
41:16 Elite Blackwood Archer
43:46 Ring Archer Armor
44:00 Treadmill Crane
Connection lost

Rejoining the realm…

Still unreachable

The connection could not be restored.

Session expired

The server has moved on; the page needs a fresh start.